 Dungeon Crawl Stone Soup version 0.31-a0-636-ge1c0e020e0 (webtiles) character file.

Game seed: 17920050880477187125

137441 killozap the Lord of Darkness (level 16, -7/134 HPs)
             Began as a Demonspawn Necromancer on July 19, 2023.
             Was the Champion of Kikubaaqudgha.
             Mangled by a merfolk
             ... wielding a +1 trident of distortion
             ... led by a merfolk impaler
              (19 damage)
             ... on level 4 of the Shoals on Aug 27, 2023.
             The game lasted 03:24:35 (40948 turns).

killozap the Lord of Darkness (DsNe)               Turns: 40948, Time: 03:24:36

Health: -7/134     AC: 27    Str: 10    XL:     16   Next: 69%
Magic:  0/31       EV: 18    Int: 26    God:    Kikubaaqudgha [******]
Gold:   2505       SH:  6    Dex: 16    Spells: 4/38 levels left

rFire   + . .        g - staff of death
rCold   + + .        X - +0 buckler {AC+3}
rNeg    + . .        y - +2 robe {rC+ rF+}
rPois   .            T - +2 helmet
rElec   .            Q - +2 cloak "Deirphare" {rC+}
rCorr   .            o - +1 pair of gloves
SInv    +            R - +0 pair of boots {rampage}
Will    +++..        U - amulet of Divine Intervention {Spirit Int+2 Dex+3 SInv}
Stlth   ++           A - ring of willpower
HPRegen 0.42/turn    t - ring of willpower
MPRegen 0.22/turn

%: guardian spirit, rampage
@: sanguine armoured
A: foul stench 2, spiny 2, sanguine armour 2, bedeviling, demonic touch 2
a: Renounce Religion, Unearth Wretches, Torment, Brand Weapon With Pain, Receive
Forbidden Knowledge


You were on level 4 of the Shoals.
You worshipped Kikubaaqudgha.
Kikubaaqudgha was exalted by your worship.
You visited 5 branches of the dungeon, and saw 27 of its levels.
You also visited: Bailey and Gauntlet.

You collected 3592 gold pieces.
You spent 1087 gold pieces at shops.

Inventory:

Hand Weapons
 a - a +0 trident of venom
 b - a +1 dagger of electrocution
 h - the +5 dagger "Ryhijaew" {protect, Str+4}
   (You found it on level 1 of the Shoals)

   Str+4:     It affects your strength (+4).
 C - the +6 trident of Bachet {heavy, Fly Str+9 Int-5 Dex-3}
   (You found it on level 5 of the Lair of Beasts)

   Str+9:     It affects your strength (+9).
   Int-5:     It affects your intelligence (-5).
   Dex-3:     It affects your dexterity (-3).
   Fly:       It grants you flight.
Armour
 o - a +1 pair of gloves (worn)
 y - a +2 robe of resistance (worn)
 Q - the +2 cloak "Deirphare" (worn) {rC+}
   (You found it on level 3 of the Lair of Beasts)

   rC+:       It protects you from cold.
 R - a +0 pair of boots of rampaging (worn)
 S - a +1 kite shield of reflection
 T - a +2 helmet (worn)
 X - a +0 buckler of protection (worn)
Magical Staves
 g - a staff of death (weapon)
Jewellery
 n - an amulet of reflection
 p - a ring of wizardry
 t - a ring of willpower (right hand)
 z - a ring of ice
 A - a ring of willpower (left hand)
 E - a ring of magical power
 N - a ring of fire
 U - the amulet of Divine Intervention (around neck) {Spirit Int+2 Dex+3 SInv}
   (You found it in a Gauntlet)

   [amulet of guardian spirit]

   Spirit:    It causes incoming damage to be divided between your reserves of
   health and magic.
   Int+2:     It affects your intelligence (+2).
   Dex+3:     It affects your dexterity (+3).
   SInv:      It lets you see invisible.
 W - a ring of protection from cold
Wands
 e - a wand of digging (5)
 G - a wand of mindburst (5)
 J - a wand of acid (6)
Scrolls
 c - 4 scrolls of fog
 d - 7 scrolls of poison
 f - 3 scrolls of amnesia
 j - a scroll of blinking
 m - 3 scrolls of immolation
 r - a scroll of identify
 v - 6 scrolls of vulnerability
 w - 4 scrolls of enchant armour
 x - 4 scrolls of teleportation
 B - 6 scrolls of enchant weapon
 L - a scroll of revelation
 M - a scroll of summoning
 O - a scroll of torment
 V - a scroll of brand weapon
Potions
 i - 2 potions of heal wounds
 k - 3 potions of brilliance
 l - 10 potions of curing
 q - 2 potions of ambrosia
 s - 6 potions of lignification
 u - a potion of enlightenment
 D - 4 potions of mutation
 F - 2 potions of magic
 H - 2 potions of might
 I - 5 potions of attraction
 K - 2 potions of resistance
 P - 5 potions of invisibility
 Y - 2 potions of haste


   Skills:
 * Level 14.4 Fighting
 - Level 8.2 Armour
 + Level 11.8 Dodging
 - Level 1.7 Stealth
 + Level 6.1 Shields
 + Level 11.7 Spellcasting
 - Level 3.0 Hexes
 + Level 18.1 Necromancy
 - Level 5.0 Ice Magic
 + Level 3.6 Earth Magic


You had 4 spell levels left.
You knew the following spells:

 Your Spells              Type           Power      Damage    Failure   Level
a - Necrotise             Necr           100%       1d9       0%          1
b - Vampiric Draining     Necr           100%       2d13      0%          3
c - Animate Dead          Necr           100%       N/A       1%          4
d - Agony                 Necr           100%       N/A       1%          5
e - Sublimation of Blood  Necr           100%       N/A       0%          2
f - Dispel Undead         Necr           100%       3d31      1%          4
g - Anguish               Hex/Necr       51%        N/A       1%          4
h - Simulacrum            Ice/Necr       42%        N/A       7%          6
i - Borgnjor's Vile Clut  Necr/Erth      41%        N/A       1%          5

Your spell library contained the following spells:

 Spells                   Type           Power      Damage    Failure   Level
 Sandblast                Erth           68%        2d15      1%          1
 Slow                     Hex            100%       N/A       1%          1
 Ensorcelled Hibernation  Hex/Ice        100%       N/A       1%          2
 Ozocubu's Armour         Ice            41%        N/A       1%          3
 Passwall                 Tmut/Erth      20%        N/A       3%          2
 Confusing Touch          Hex            46%        N/A       4%          3
 Tukima's Dance           Hex            46%        N/A       4%          3
 Summon Small Mammal      Summ           60%        N/A       5%          1
 Hailstorm                Conj/Ice       28%        3d8       5%          3
 Lesser Beckoning         Tloc           30%        N/A       8%          2
 Wereblood                Tmut           15%        N/A       8%          2
 Stone Arrow              Conj/Erth      48%        3d10      8%          3
 Portal Projectile        Hex/Tloc       68%        N/A       9%          3
 Summon Guardian Golem    Hex/Summ       34%        N/A       9%          3
 Leda's Liquefaction      Hex/Erth       24%        N/A       13%         4
 Call Canine Familiar     Summ           15%        N/A       16%         3
 Gell's Gravitas          Tloc           15%        N/A       16%         3
 Teleport Other           Tloc           15%        N/A       16%         3
 Summon Ice Beast         Ice/Summ       28%        N/A       19%         4
 Animate Armour           Summ/Erth      48%        N/A       24%         4
 Passage of Golubria      Tloc           15%        N/A       45%         4
 Summon Lightning Spire   Summ/Air       15%        N/A       45%         4
 Death Channel            Necr           52%        N/A       1%          6
 Lee's Rapid Deconstruct  Erth           17%        3d10*     32%         5
 Yara's Violent Unravell  Hex/Tmut       17%        3d8       61%         5
 Fireball                 Conj/Fire      7%         3d5       82%         5
 Irradiate                Conj/Tmut      7%         3d14      82%         5
 Iskenderun's Battlesphe  Conj           15%        2d7       82%         5
 Ozocubu's Refrigeration  Ice            20%        4d12      99%         7
 Conjure Ball Lightning   Conj/Air       7%         3x3d6     100%        6
 Orb of Destruction       Conj           7%         9d6       100%        7
 Summon Hydra             Summ           7%         N/A       100%        7


Dungeon Overview and Level Annotations

Branches:
Dungeon (15/15)            Temple (1/1) D:7            Lair (5/5) D:11
 Shoals (4/4) Lair:2        Snake (0/4) Lair:2        Slime (0/5) Lair:5
    Orc (2/2) D:12            Elf (0/3) Orc:2        Vaults (0/5) D:14
 Depths (0/4) D:15         Bailey (visited)         Gauntlet (visited)

Altars:
Ashenzari
Cheibriados
Dithmenos
Fedhas
Gozag
Hepliaklqana
Kikubaaqudgha
Makhleb
Nemelex Xobeh
Okawaru
Qazlal
Ru
Sif Muna
Trog
Uskayaw
Vehumet
Wu Jian
Xom
Yredelemnul
Jiyva

Shops:
D:1 (   D:15 *   Orc:2 ***:(   Shoals:3 (

Portals:
Trove: D:15 (give 5 potions of resistance)

Annotations:
D:2 Grinder
D:3 2 transporters, HotCheetoh's ghost, amateur DgFi
D:5 2 runed translucent doors, HotCheetoh's ghost, novice OpSh
D:10 exclusion: downstairs
D:13 exclusion: downstairs
Lair:5 1 runed translucent door


Innate Abilities, Weirdness & Mutations

You sometimes emit foul miasma when damaged in melee.
You are mostly covered in sharp spines.
When seriously injured, your blood forms thick armour. (AC +9)
Your hexes are more powerful.
Your touch may inflict irresistible damage on your foes.


Message History

* * * LOW HITPOINT WARNING * * *
The zombie hands constrict the merfolk impaler.
* * * LOW HITPOINT WARNING * * *
You feel very sick.
The snapping turtle attacks as it pursues you!
The snapping turtle misses you.
You feel better.
You carefully extract the barbed spikes from your body.
The zombie hands constrict the merfolk impaler!
The merfolk impaler struggles to escape constriction.
You block the snapping turtle's attack.
The zombie hands constrict the merfolk impaler!
The zombie hands constrict the merfolk impaler!
The zombie hands constrict the merfolk impaler!
The zombie hands release their grip on the merfolk impaler.
Things that are here:
a +0 trident; a +4 halberd; a merfolk skeleton The merfolk attacks as it pursues you!
You block the merfolk's attack. The merfolk attacks as it pursues you!
The merfolk hits you but does no damage.
The merfolk attacks as it pursues you!
The merfolk hits you from afar with a +1 trident of distortion.
* * * LOW HITPOINT WARNING * * *
Space warps around you.
* * * LOW HITPOINT WARNING * * *
You feel better. The merfolk closely misses you.
You enter the shallow water.
Moving in this stuff is going to be slow.
The merfolk attacks as it pursues you!
The merfolk hits you from afar with a +1 trident of distortion.
* * * LOW HITPOINT WARNING * * *
You blink.
Splash!
The merfolk barely misses you.
There is a stone staircase leading up here.
The merfolk hits you from afar with a +1 trident of distortion.
* * * LOW HITPOINT WARNING * * *
Space warps horribly around you!!
You die...
Kikubaaqudgha rasps: "You have failed me!
Welcome... death!"

≈≈≈≈≈≈~.P...Z#####..~#..#####
≈≈≈≈≈≈~.<.~.##...#...8.......
≈≈≈≈≈≈~.....'........)).~...~
≈≈≈≈≈≈~.....##...##..8..)....
≈≈≈≈≈≈~.......####H.~##.#.###
≈≈≈≈≈≈~.......~+t....##~...#
≈≈≈≈≈≈~.P.).).~..m...#.......
≈≈≈≈≈≈~..#...~H.#...##.......
≈≈≈≈≈~..##.@.m.....##~......
≈≈≈≈≈~.......~##..~###.....#
≈≈≈≈≈~~.....<~##...# ####.##
≈≈≈≈≈~~~...~~~##..~# ..
≈≈≈≈≈≈~~~~~~~~~.#...#
≈≈≈≈≈≈≈~~~~~~~~~.#...
≈≈≈≈≈≈≈≈~~~~~~~~~##.
≈≈≈≈≈≈≈≈≈~~~~~~~~~
≈≈≈≈≈≈≈≈≈≈≈≈≈≈≈≈≈≈


You could see a merfolk impaler (anguished), a snapping turtle (anguished), a
merfolk and 2 manticores.

Vanquished Creatures
  Louise (Shoals:1)
  The ghost of promet the Grappler, a journeyman DrMo of Cheibriados (Orc:2)
  A minotaur (D:14)
  A great orb of eyes (Shoals:1)
  Erolcha (D:10)
  4 vault guards
  4 centaur warriors
  2 hydras
  A catoblepas (Lair:5)
  A death knight (D:15)
  8 boulder beetles
  A satyr (Shoals:2)
  5 two-headed ogres
  2 merfolk avatars
  A sphinx skeleton (D:15)
  A tengu warrior (D:15)
  A death yak (D:10)
  A demonic crawler (D:13)
  5 orc high priests (Orc:2)
  2 skysharks
  6 sea snakes
  6 skeletal warriors
  A golden dragon zombie (D:15)
  A spriggan rider (Gauntlet)
  A flayed ghost (D:15)
  A wizard (D:15)
  2 harpies (Shoals:2)
  A necromancer (D:14)
  5 orc knights
  A deep elf zephyrmancer (Bailey)
  2 fauns (Shoals:2)
  A stone giant zombie (D:15)
  8 cyclopes
  6 ugly things
  A deep elf pyromancer (D:13)
  A salamander (Lair:2)
  4 manticores
  13 elephants
  2 centaur zombies (D:11)
  2 merfolk sirens (Shoals:1)
  2 molten gargoyles (D:15)
  2 black mambas (Lair:3)
  3 water nymphs
  4 cane toads
  A gargoyle (D:12)
  A kobold demonologist (D:11)
  An unseen horror (D:12)
  5 rime drakes
  2 tengu conjurers (D:13)
  3 komodo dragons
  A freezing wraith (D:15)
  6 merfolk
  2 wind drakes
  3 polar bears
  4 trolls
  A hornet (D:10)
  13 blink frogs
  A snapping turtle (Shoals:3)
  A dream sheep (Shoals:3)
  Prince Ribbit (D:9)
  6 slime creatures
  2 centaur simulacra
  3 wraiths (D:11)
  4 vampires
  13 yaks
  4 wyverns
  A shadow (D:11)
  Eustachio (D:6)
  5 basilisks
  Grum (D:10)
  4 steam dragons
  An acid dragon (D:12)
  A swamp worm (Gauntlet)
  5 vampire mosquitoes
  Edmund (D:6)
  2 wargs (Orc:1)
  A glowing shapeshifter zombie (D:15)
  8 water moccasins
  33 orc warriors
  6 ogres
  9 black bears
  2 ice beasts (D:7)
  5 wolves
  5 centaurs
  4 boggarts (D:15)
  3 phantoms
  Blork the orc (D:6)
  A kobold brigand (D:8)
  12 bullfrogs
  3 scorpions
  5 wights (D:9)
  A troll zombie (D:12)
  9 killer bees
  The ghost of pigah the Changeling, a weakling OpSh (D:4)
  2 lava snakes
  5 howler monkeys
  A gnoll bouda (D:7)
  4 jellies
  5 hounds
  5 iguanas
  13 orc priests
  An iron imp (D:12)
  A sleepcap (D:6)
  16 orc wizards
  A hell rat (D:10)
  2 killer bee zombies (D:8)
  6 ogre zombies (D:12)
  Robin (D:3)
  8 adders
  9 gnolls
  2 river rats (D:11)
  4 white imps
  An ufetubus (D:6)
  2 worms
  4 dart slugs
  58 orcs
  5 bats
  7 endoplasms
  2 giant cockroaches
  6 hobgoblins
  4 jackals (D:1)
  11 kobolds
  3 quokkas
  3 ball pythons
  8 frilled lizards
  20 goblins
  2 goblin zombies (D:12)
  A hobgoblin zombie (D:12)
  4 orc skeletons (D:12)
  12 orc zombies (D:12)
  3 rats
571 creatures vanquished.

Vanquished Creatures (collateral kills)
  A titan (Shoals:1)
  A stone giant (Shoals:1)
  The ghost of osoart the Mimic, a journeyman TrSh of Qazlal (D:11)
  2 merfolk impalers
  A merfolk javelineer (Shoals:4)
  A vault guard (D:14)
  2 hydras
  A centaur warrior (D:14)
  A merfolk avatar (Shoals:3)
  A satyr (Shoals:1)
  3 boulder beetles
  A sixfirhy (Gauntlet)
  4 skysharks
  2 skeletal warriors
  2 sea snakes
  2 harpies
  An orc knight (Orc:2)
  7 ugly things (D:15)
  9 manticores
  5 cyclopes
  14 elephants
  A water nymph (Shoals:1)
  Joseph (D:9)
  A molten gargoyle (Gauntlet)
  2 cane toads
  An unseen horror (D:11)
  2 merfolk sirens
  A gargoyle (Gauntlet)
  A freezing wraith (D:15)
  2 efreet
  A kobold demonologist (D:11)
  A rime drake (Lair:5)
  A tengu conjurer (D:15)
  8 merfolk
  3 wind drakes
  6 blink frogs (Lair:5)
  A polar bear (Lair:5)
  2 snapping turtles (Shoals:3)
  A dream sheep (Shoals:3)
  4 yaks
  2 basilisks
  2 vampire mosquitoes (D:13)
  A swamp worm (Gauntlet)
  An acid dragon (D:11)
  2 orc warriors (Orc:2)
  2 black bears (Lair:1)
  An ogre (Orc:1)
  A wolf (Lair:4)
  5 centaurs
  A kobold brigand (D:11)
  A bullfrog (Lair:2)
  2 howler monkeys
  2 lava snakes (Lair:2)
  7 orc priests (Orc:2)
  2 orc wizards
  An ogre zombie (D:12)
  A gnoll (D:7)
  2 ufetubi (Gauntlet)
  5 orc zombies
  A worm (D:5)
  16 orcs
  A ball python (D:1)
  2 orc skeletons (D:12)
  A tentacle (Shoals:1)
164 creatures vanquished.

Vanquished Creatures (others)
  Rupert (Lair:4)
  2 hydras
  A centaur warrior (D:14)
  An alligator snapping turtle (Shoals:4)
  3 tengu warriors
  A demonic crawler (D:13)
  Urug (Orc:2)
  A spriggan rider (Gauntlet)
  A deep elf zephyrmancer (Gauntlet)
  4 orc knights
  A deep elf pyromancer (Gauntlet)
  4 ugly thing zombies (D:15)
  3 ugly things (D:15)
  A manticore (Shoals:4)
  5 elephants
  A black mamba (Lair:5)
  A cane toad (Lair:3)
  A sea snake zombie (Lair:5)
  2 unseen horror zombies
  4 komodo dragons
  2 merfolk (Shoals:4)
  A hydra zombie (D:13)
  A troll (D:11)
  2 wind drakes
  A tarantella (Gauntlet)
  A tarantella zombie (Gauntlet)
  3 blink frogs
  A great orb of eyes zombie (Shoals:1)
  A snapping turtle (Lair:5)
  A boulder beetle zombie (D:11)
  A wyvern (Lair:5)
  2 slime creature zombies
  A yak (Lair:5)
  A basilisk (Lair:5)
  2 vampire mosquitoes (D:13)
  A two-headed ogre zombie (Orc:1)
  3 merfolk zombies
  A naga (Gauntlet)
  An acid dragon (D:13)
  A water nymph zombie (Shoals:4)
  A water moccasin (Lair:5)
  2 cane toad zombies
  A skyshark zombie (Lair:5)
  An ice beast (Gauntlet)
  An elf zombie (Gauntlet)
  7 orc warriors
  3 manticore zombies
  8 elephant zombies
  A black bear (Lair:1)
  10 blink frog zombies (Lair:5)
  2 ogres (Orc:1)
  A human zombie (D:9)
  A centaur (D:13)
  5 vampire mosquito zombies
  2 rime drake zombies
  A komodo dragon zombie (Lair:5)
  A gnoll sergeant (Orc:2)
  A cyclops zombie (Shoals:3)
  2 warg zombies (Orc:1)
  2 tengu zombies (D:13)
  2 polar bear zombies (Lair:5)
  3 troll zombies
  5 yak zombies (Lair:5)
  A howler monkey (D:13)
  A wolf zombie (Lair:4)
  A lava snake (Lair:2)
  2 bullfrog zombies
  3 centaur zombies
  2 basilisk zombies
  3 orc priests (Orc:2)
  A boggart zombie (D:15)
  A scorpion zombie (D:6)
  2 orc wizards (Orc:1)
  An ogre zombie (Orc:1)
  3 howler monkey zombies (D:13)
  A gnoll (Orc:2)
  An adder (D:13)
  A lava snake zombie (D:15)
  60 orc zombies
  A worm zombie (D:5)
  8 orcs
  A bat zombie (D:8)
  3 gnoll zombies (Orc:2)
  A hobgoblin (D:13)
  A frilled lizard zombie (D:8)
  2 kobold zombies
  7 tentacles (Shoals:1)
238 creatures vanquished.

Grand Total: 973 creatures vanquished

Notes
Turn   | Place    | Note
-------+----------+-------------------------------------------
     0 | D:1      | killozap the Demonspawn Necromancer began the quest for the
                  | Orb.
     0 | D:1      | Reached XP level 1. HP: 13/13 MP: 3/3
   123 | D:1      | Found Olienotoer's Weapon Boutique.
   227 | D:1      | Gained mutation: When seriously injured, your blood forms
                  | armour. (AC +9) [demonic ancestry]
   227 | D:1      | Reached XP level 2. HP: 20/20 MP: 1/5
   606 | D:1      | Found a faded altar of an unknown god.
   975 | D:1      | Reached skill level 1 in Fighting
   998 | D:2      | Gained mutation: You are partially covered in sharp spines.
                  | [demonic ancestry]
   998 | D:2      | Reached XP level 3. HP: 26/26 MP: 3/6
  1009 | D:1      | Reached skill level 5 in Necromancy
  1160 | D:2      | Learned a level 3 spell: Vampiric Draining
  1223 | D:2      | Reached XP level 4. HP: 31/32 MP: 2/7
  1858 | D:3      | Noticed Grinder
  2224 | D:3      | Noticed Robin
  2255 | D:3      | Killed Robin
  2443 | D:3      | Found a transporter.
  2470 | D:3      | Gained mutation: You may rarely emit foul miasma when
                  | damaged in melee. [demonic ancestry]
  2470 | D:3      | Reached XP level 5. HP: 38/38 MP: 5/9
  2520 | D:3      | Found a faded altar of an unknown god.
  2524 | D:3      | Found an iron altar of Okawaru.
  2553 | D:3      | Noticed an ogre
  2553 | D:3      | Noticed HotCheetoh's ghost (amateur DgFi)
  2554 | D:3      | Identified the +0 great mace "Vysteer" {antimagic, Dex+2}
  2554 | D:3      | Noticed an ogre
  2597 | D:3      | Found a transporter.
  2996 | D:4      | Found a runed translucent door.
  3000 | D:4      | Noticed pigah's ghost (weakling OpSh)
  3274 | D:4      | Reached skill level 6 in Necromancy
  3368 | D:4      | Gained mutation: Your touch may inflict minor irresistible
                  | damage on your foes. [demonic ancestry]
  3368 | D:4      | Reached XP level 6. HP: 44/45 MP: 3/10
  3994 | D:4      | Killed pigah's ghost
  4113 | D:5      | Entered Level 5 of the Dungeon
  4144 | D:5      | Found a blossoming altar of Fedhas.
  4271 | D:5      | Found a large runed translucent door.
  4271 | D:5      | Found a large runed translucent door.
  4275 | D:5      | Noticed HotCheetoh's ghost (novice OpSh)
  4411 | D:5      | You fall into a shaft and drop 2 floors!
  4448 | D:7      | Noticed an ice beast
  4461 | D:7      | Killed an ice beast
  4462 | D:7      | Gained mutation: You sometimes emit foul miasma when
                  | damaged in melee. [demonic ancestry]
  4462 | D:7      | Reached XP level 7. HP: 52/52 MP: 7/12
  4520 | D:7      | Reached skill level 7 in Necromancy
  4742 | D:7      | Learned a level 4 spell: Animate Dead
  4748 | D:7      | Learned a level 5 spell: Agony
  5036 | D:6      | Noticed a wyvern
  5040 | D:6      | Killed a wyvern
  5234 | D:6      | Noticed Eustachio
  5271 | D:5      | Gained mutation: You are mostly covered in sharp spines.
                  | [demonic ancestry]
  5271 | D:5      | Reached XP level 8. HP: 56/60 MP: 2/14
  5305 | D:5      | Reached skill level 8 in Necromancy
  6167 | D:6      | Noticed Blork the orc
  6173 | D:6      | Killed Blork the orc
  6326 | D:6      | Noticed Edmund
  6365 | D:6      | Killed Edmund
  6416 | D:6      | Reached skill level 9 in Necromancy
  6460 | D:6      | Reached skill level 5 in Spellcasting
  6545 | D:6      | Reached skill level 5 in Dodging
  6552 | D:6      | Reached skill level 5 in Fighting
  6552 | D:6      | Gained mutation: When seriously injured, your blood forms
                  | thick armour. (AC +9) [demonic ancestry]
  6552 | D:6      | Reached XP level 9. HP: 67/68 MP: 9/16
  6916 | D:6      | Killed Eustachio
  7232 | D:6      | Reached skill level 10 in Necromancy
  7490 | D:6      | Found a hazy altar of Hepliaklqana.
  7499 | D:6      | Found a burning altar of Makhleb.
  8240 | D:7      | Found a staircase to the Ecumenical Temple.
  8246 | Temple   | Entered the Ecumenical Temple
  8255 | Temple   | Became a worshipper of Kikubaaqudgha
  8510 | D:8      | Found a sacrificial altar of Ru.
  8753 | D:8      | Reached skill level 1 in Armour
  8883 | D:8      | Found a basalt altar of Yredelemnul.
  9188 | D:8      | Found a snail-covered altar of Cheibriados.
  9188 | D:8      | Found a hide-covered altar of Uskayaw.
  9233 | D:8      | Reached * piety under Kikubaaqudgha
  9233 | D:8      | Received a gift from Kikubaaqudgha
  9243 | D:8      | Learned a level 2 spell: Sublimation of Blood
  9723 | D:9      | Noticed a troll
  9735 | D:9      | Killed a troll
  9781 | D:9      | Reached XP level 10. HP: 63/76 MP: 8/19
  9943 | D:9      | Noticed Prince Ribbit
  9953 | D:9      | Killed Prince Ribbit
 10150 | D:9      | Reached skill level 11 in Necromancy
 10276 | D:9      | Noticed Joseph
 10283 | D:9      | Killed Joseph
 10404 | D:9      | Your ally Prince Ribbit died
 10778 | D:10     | Entered Level 10 of the Dungeon
 10778 | D:10     | Noticed Grum
 10875 | D:10     | Noticed a two-headed ogre
 11060 | D:10     | Found a flagged portal.
 11069 | Bailey   | Entered a bailey
 11255 | Bailey   | Reached ** piety under Kikubaaqudgha
 11258 | Bailey   | Noticed an orc knight
 11287 | Bailey   | Killed an orc knight
 11494 | Bailey   | Found a large runed translucent door.
 11494 | Bailey   | Found a large runed translucent door.
 11495 | Bailey   | Noticed a deep elf zephyrmancer
 11558 | Bailey   | Killed a deep elf zephyrmancer
 11564 | Bailey   | Identified the staff of Karma {Str+2 Earth}
 11871 | D:10     | Reached skill level 12 in Necromancy
 12124 | D:10     | Noticed Erolcha
 12136 | D:10     | Killed Erolcha
 12137 | D:10     | Reached XP level 11. HP: 33/84 MP: 6/21
 12420 | D:10     | Killed Grum
 12786 | D:10     | Killed a two-headed ogre
 13069 | D:11     | Noticed a boulder beetle
 13069 | D:11     | Noticed a two-headed ogre
 13177 | D:11     | Found a transporter.
 13180 | D:11     | Found a transporter.
 13182 | D:11     | Noticed a two-headed ogre
 13197 | D:11     | Killed a two-headed ogre
 13476 | D:11     | Noticed a death yak
 13476 | D:11     | Noticed a death yak
 13802 | D:11     | Found a staircase to the Lair.
 13836 | D:11     | Noticed a death yak
 13839 | D:10     | Killed a death yak
 13841 | D:10     | Reached skill level 13 in Necromancy
 14261 | D:11     | Killed a boulder beetle
 14498 | D:11     | Noticed osoart's ghost (journeyman TrSh)
 14509 | D:11     | Noticed a +0 hand axe
 14509 | D:11     | Noticed a +0 dagger
 14510 | D:11     | Found a hide-covered altar of Uskayaw.
 14548 | D:11     | Noticed a two-headed ogre
 14558 | D:11     | Killed a two-headed ogre
 14559 | D:11     | Reached skill level 5 in Armour
 14798 | D:11     | Identified the orb of Rud Diawonk {*Rage, rPois rF+ Dex+2}
 14940 | D:11     | Noticed a boulder beetle
 15009 | D:11     | Upgraded the game from 0.31-a0-331-geda263fcf1 to
                  | 0.31-a0-632-g766dd24fdf
 15095 | D:12     | Noticed a green ugly thing
 15128 | D:12     | Killed a green ugly thing
 15783 | D:12     | Found a staircase to the Orcish Mines.
 15810 | D:12     | Reached *** piety under Kikubaaqudgha
 15810 | D:12     | Received a gift from Kikubaaqudgha
 15867 | D:12     | Learned a level 4 spell: Dispel Undead
 15872 | D:12     | Learned a level 4 spell: Anguish
 15978 | D:12     | Reached XP level 12. HP: 36/94 MP: 16/24
 16168 | D:12     | Found a snail-covered altar of Cheibriados.
 16762 | Lair:1   | Entered Level 1 of the Lair of Beasts
 16783 | Lair:1   | Reached skill level 1 in Hexes
 17333 | Lair:1   | Reached skill level 14 in Necromancy
 17502 | Lair:1   | Reached **** piety under Kikubaaqudgha
 18155 | Lair:2   | Found a staircase to the Shoals.
 18232 | Lair:2   | Found a staircase to the Snake Pit.
 20008 | Lair:3   | Identified the +2 cloak "Deirphare" {rC+}
 20283 | Lair:4   | Noticed a boulder beetle
 20293 | Lair:4   | Killed a boulder beetle
 20294 | Lair:4   | Reached skill level 15 in Necromancy
 20294 | Lair:4   | Reached XP level 13. HP: 73/101 MP: 21/25
 20749 | Lair:4   | Noticed Rupert
 21596 | Lair:4   | Killed Rupert
 22431 | Lair:5   | Entered Level 5 of the Lair of Beasts
 22431 | Lair:5   | Noticed an acid blob
 22431 | Lair:5   | Found a runed translucent door.
 22431 | Lair:5   | Found a viscous altar of Jiyva.
 22446 | Lair:5   | Reached skill level 10 in Fighting
 22448 | Lair:5   | Reached ***** piety under Kikubaaqudgha
 22610 | Lair:5   | Found a staircase to the Slime Pits.
 22610 | Lair:5   | Noticed an acid blob
 22866 | Lair:5   | Reached skill level 16 in Necromancy
 23718 | Lair:5   | Gained mutation: Your hexes are more powerful. [demonic
                  | ancestry]
 23718 | Lair:5   | Reached XP level 14. HP: 105/111 MP: 10/27
 24320 | Lair:5   | Identified the +6 trident of Bachet {heavy, Fly Str+9 Int-5
                  | Dex-3}
 24821 | Lair:5   | Reached skill level 10 in Spellcasting
 25066 | Lair:5   | Learned a level 6 spell: Simulacrum
 25235 | D:13     | Reached skill level 10 in Dodging
 25252 | D:13     | Reached skill level 1 in Ice Magic
 26126 | D:13     | HP: 5/113 [demonic crawler (4)]
 26561 | Orc:1    | Entered Level 1 of the Orcish Mines
 26615 | Orc:1    | Reached skill level 1 in Shields
 26996 | Orc:2    | Entered Level 2 of the Orcish Mines
 27121 | Orc:2    | Reached ****** piety under Kikubaaqudgha
 27133 | Orc:2    | Noticed Urug
 27275 | Orc:2    | Killed Urug
 27447 | Orc:2    | Found a large runed translucent door.
 27447 | Orc:2    | Found a large runed translucent door.
 27454 | Orc:2    | Noticed promet's ghost (journeyman DrMo)
 27556 | Orc:2    | Found a staircase to the Elven Halls.
 27600 | Orc:2    | Found Zinum's Book Boutique.
 27630 | Orc:2    | Reached skill level 17 in Necromancy
 29524 | Orc:2    | Found Imimieclurgh's General Store.
 29527 | Orc:2    | Found Ocoamp's Assorted Antiques.
 29528 | Orc:2    | Found Uralem's Weapon Shoppe.
 29529 | Orc:2    | Found Zubbit's General Store.
 29533 | Orc:2    | Bought a scroll of identify for 46 gold pieces
 29535 | Orc:2    | Bought a scroll of blinking for 105 gold pieces
 29536 | Orc:2    | Bought a potion of resistance for 140 gold pieces
 29536 | Orc:2    | Bought 2 potions of attraction for 84 gold pieces
 29539 | Orc:2    | Bought a runed helmet for 172 gold pieces
 30035 | Orc:1    | Gained mutation: Your touch may inflict irresistible damage
                  | on your foes. [demonic ancestry]
 30035 | Orc:1    | Reached XP level 15. HP: 104/120 MP: 24/29
 30326 | Orc:1    | Found a shimmering blue altar of Sif Muna.
 30425 | Orc:2    | Killed promet's ghost
 30428 | Orc:2    | Identified the ring "Xeommo Dewa" {MP-9 Str+5 Dex+7 SInv}
 30483 | Orc:2    | Upgraded the game from 0.31-a0-632-g766dd24fdf to
                  | 0.31-a0-636-ge1c0e020e0
 30599 | D:14     | Found an iron altar of Okawaru.
 30607 | D:14     | Found a gate leading to a gauntlet.
 30620 | Gauntlet | Entered a Gauntlet
 30620 | Gauntlet | Found a transporter.
 30620 | Gauntlet | Found a runed translucent gate.
 30620 | Gauntlet | Found a transporter.
 30621 | Gauntlet | Found a runed translucent gate.
 30623 | Gauntlet | Found a transporter.
 30623 | Gauntlet | Found a transporter.
 30625 | Gauntlet | Found a runed translucent gate.
 30627 | Gauntlet | Found a transporter.
 30627 | Gauntlet | Found a transporter.
 30663 | Gauntlet | Found a transporter.
 30667 | Gauntlet | Found a transporter.
 30681 | Gauntlet | Found a transporter.
 30694 | Gauntlet | Found a transporter.
 30708 | Gauntlet | Found a transporter.
 30712 | Gauntlet | Found a transporter.
 30720 | Gauntlet | Found a runed translucent door.
 30720 | Gauntlet | Found a runed translucent door.
 30802 | Gauntlet | Identified the +6 great sword "Goahady" {flame, rF- Dex+5}
 31113 | Gauntlet | Identified the amulet of Divine Intervention {Spirit Int+2
                  | Dex+3 SInv}
 31334 | Gauntlet | Identified the +0 morningstar "Paholewni" {venom, rC+ Str+3
                  | Int+2}
 32631 | D:14     | Found a gate to the Vaults.
 33405 | D:15     | Entered Level 15 of the Dungeon
 33672 | D:15     | Found a staircase to the Depths.
 34011 | D:15     | Found a stormy altar of Qazlal.
 35250 | D:15     | Identified a scroll of acquirement
 35253 | D:15     | Acquired a staff of death
 35271 | D:15     | Found Inimanar's Blood Bar.
 35283 | D:15     | SHOP HERE!
 35285 | D:15     | Bought Kikubaaqudgha's Compendium of Stolen Souls for 540
                  | gold pieces
 35291 | D:15     | Learned a level 5 spell: Borgnjor's Vile Clutch
 35686 | D:15     | Found a portal to a secret trove of treasure.
 36358 | D:11     | Reached skill level 1 in Earth Magic
 36417 | D:11     | Killed osoart's ghost
 36671 | Shoals:1 | Entered Level 1 of the Shoals
 36731 | Shoals:1 | Noticed a kraken
 36750 | Shoals:1 | Reached XP level 16. HP: 115/131 MP: 16/31
 36832 | Shoals:1 | Identified the +5 dagger "Ryhijaew" {protect, Str+4}
 36863 | Shoals:1 | Reached skill level 5 in Shields
 37219 | Shoals:1 | Noticed a titan
 37250 | Shoals:1 | Killed a titan
 37656 | Shoals:1 | Noticed Louise
 37739 | Shoals:1 | Killed Louise
 38378 | Shoals:1 | Reached skill level 5 in Ice Magic
 39869 | Shoals:3 | Found Obripsom's Antique Weapon Shop.
 39910 | Shoals:3 | Reached skill level 18 in Necromancy
 40309 | Shoals:4 | Entered Level 4 of the Shoals
 40948 | Shoals:4 | Mangled by a merfolk

Illustrated notes

##...#..........§
.....#.........§.
#...##.#....#...
#...##.#....#.§.
#...##.#....#...
#...............
#####..............
#⌠.⌠#Z.........^...
+.@Z†Z........≈....
#⌠⌠⌠#Z........≈≈...
######...§§.§...§..
....≈≈§≈≈§§....
###.≈≈§§§§§§....
#.≈≈§§≈≈≈§..§.
#..≈§§≈≈≈§..§.
#..≈≈§≈≈ . .


Turn 35283 on D:15: SHOP HERE!

Levels and vault maps discovered:
D:1:      sevenhm_arrival_forest_fort_small_4, layout_loops_cross, serial_shops,
          nicolae_shop_scrapyard, basic_ecumenical_altar
D:2:      layout_basic, dreamdust_wishing_well
D:3:      layout_rooms, nicolae_overflow_ecumenical_swirl,
          gammafunk_ghost_smash, kennysheep_generic_room_14, uniq_robin,
          uniq_grinder
D:4:      nicolae_cairo_tiling, layout_loops_ring, ebering_ghost_sewer_d
D:5:      layout_basic, mainiacjoe_overflow_brackets,
          ebering_ghost_disaster_area
D:6:      layout_cave_pods, mainiacjoe_overflow_tiny_flanked,
          mainiacjoe_overflow_swirl, uniq_eustachio, uniq_edmund,
          uniq_blork_the_orc
D:7:      layout_basic, minmay_temple_entry_fiery
D:8:      layout_gridville, nicolae_ru_great_annihilating_truth,
          lemuel_zombie_altar_yredelemnul,
          chequers_temple_overflow_statue_of_worship
D:9:      layout_roguey, uniq_joseph, uniq_prince_ribbit1
D:10:     layout_basic, enter_bailey_8, uniq_grum, uniq_erolcha
D:11:     layout_long_grid, dpeg_lair_monsters, nzn_ghost_randoct,
          serial_undead, serial_undead_c, serial_undead_f, serial_undead_b,
          serial_undead_c, dancing_weapons_uskayaw
D:12:     layout_rooms, zombieorc2_lemuel, slow_altar_1
D:13:     layout_cave_pools, einodemon_crawler_minivault
D:14:     layout_loops_cross, lightli_vaults_fourway_checkpoint,
          okawaru_gym_becter, gauntlet_entry_generic
D:15:     gammafunk_depths_entry_grave, layout_basic, enter_trove_5,
          nicolae_qazlal_general_emergency, guppyfry_shop_blood
Temple:   nicolae_temple_bog_church
Lair:1:   layout_regular_city, beast_lair_carwin_7
Lair:2:   layout_gridlike, elwin_shoals_entry_rocks,
          nicolae_snake_entry_warm_welcome, grunt_forest_small_clearing_treed,
          grunt_megastairs_2
Lair:3:   layout_long_grid, guppyfry_lair_drakes
Lair:4:   layout_cave_pods, uniq_rupert
Lair:5:   gammafunk_lair_ancient_temple, layout_loops_ring, slime_entry_2
Shoals:1: dreamdust_from_the_deep, layout_shoals, st_sunken_temple, uniq_louise
Shoals:2: layout_shoals, nicolae_shoals_cliffside_cave
Shoals:3: layout_shoals, serial_shops, nicolae_shop_gibbet_a_chance
Shoals:4: shoals_end_hellmonk_lost_city
Orc:1:    nicolae_orc_accident_3, layout_caves, basic_altar,
          kennysheep_orc_sif_temple
Orc:2:    st_orc_pillars, layout_diamond_mine, serial_shops, nicolae_shop_trees,
          ebering_ghost_disaster_area, uniq_urug

Skill      XL: |  1  2  3  4  5  6  7  8  9 10 11 12 13 14 15 16 |
---------------+-------------------------------------------------+-----
Dodging        | 2 3 4 5 6 7 8 9 10 11 | 11.8
Fighting       | 1 2 3 5 6 7 8 9 10 12 13 14 | 14.4
Necromancy     | 5 6 7 9 10 12 13 15 16 17 18 | 18.1
Spellcasting   | 3 4 5 6 7 8 9 10 11 | 11.7
Armour         | 1 3 5 6 8 |  8.2
Hexes          | 2 3 |  3.0
Ice Magic      | 3 4 5 |  5.0
Shields        | 2 4 6 |  6.1
Earth Magic    | 1 3 |  3.6
Stealth        | |  1.7

Action                     |  1- 3 |  4- 6 |  7- 9 | 10-12 | 13-15 | 16-18 || total
---------------------------+-------+-------+-------+-------+-------+-------++-------
  Melee: Dagger            |    13 |    17 |    81 |   136 |    80 |       ||   327
         Touch             |       |     2 |    16 |    73 |    38 |       ||   129
         Punch             |       |       |       |     6 |     5 |       ||    11
         Trident           |       |       |       |   224 |   532 |     6 ||   762
         Staff             |       |       |       |       |    71 |   154 ||   225
   Cast: Necrotise         |    51 |   136 |   179 |   188 |    16 |       ||   570
         Vampiric Draining |       |       |     7 |    34 |   104 |    25 ||   170
         Animate Dead      |       |       |     8 |    25 |    50 |     9 ||    92
         Agony             |       |       |     6 |    23 |    63 |    14 ||   106
         Anguish           |       |       |       |    16 |    94 |    11 ||   121
         Sublimation of Bl |       |       |       |     4 |     4 |     2 ||    10
         Dispel Undead     |       |       |       |     3 |    36 |       ||    39
         Simulacrum        |       |       |       |       |    30 |    39 ||    69
         Borgnjor's Vile C |       |       |       |       |     5 |    15 ||    20
 Invoke: Unearth Wretches  |       |       |       |       |     5 |       ||     5
         Torment           |       |       |       |       |     1 |       ||     1
    Use: Scroll            |       |     9 |     2 |     4 |    20 |     4 ||    39
         Potion            |       |       |       |       |    10 |     5 ||    15
   Stab: Sleeping          |       |       |       |     2 |     1 |       ||     3
         Distracted        |       |       |       |     1 |     2 |     1 ||     4
         Petrified         |       |       |       |       |     2 |       ||     2
         Paralysed         |       |       |       |       |     2 |       ||     2
 Armour: Robe              |     3 |     2 |    48 |   148 |   355 |   108 ||   664
         Skin              |       |       |       |       |     4 |       ||     4
  Dodge: Dodged            |    12 |    14 |    82 |   263 |   683 |   195 ||  1249
  Block: Other             |       |       |       |    99 |    79 |       ||   178
         Reflection        |       |       |       |     2 |    20 |       ||    22
         Kite shield       |       |       |       |       |   245 |       ||   245
         Buckler           |       |       |       |       |    98 |    73 ||   171

Table legend: (Time is in decaauts)
 A = Elapsed time spent in this place.
 B = Non-inter-level travel time spent in this place.
 C = Inter-level travel time spent in this place.
 D = Time resting spent in this place.
 E = Time spent auto-exploring this place.
 F = Levels seen in this place.
 G = Mean time per level.
                   A        B        C        D        E       F      G
               +--------+--------+--------+--------+--------+-----+--------+
         Total |  41632 |  39121 |   2511 |  10030 |  18817 |  29 | 1435.6 |
       Dungeon |  23060 |  21310 |   1750 |   4981 |  11412 |  15 | 1537.3 |
        Temple |     18 |      2 |     16 |      0 |      0 |   1 |   18.0 |
          Lair |   8839 |   8341 |    498 |   2185 |   4564 |   5 | 1767.8 |
        Shoals |   4328 |   4181 |    147 |   1567 |    712 |   4 | 1082.0 |
  Orcish Mines |   4098 |   3999 |     99 |    887 |   1887 |   2 | 2049.0 |
        Bailey |    576 |    576 |      0 |    183 |    169 |   1 |  576.0 |
      Gauntlet |    710 |    710 |      0 |    226 |     71 |   1 |  710.0 |
               +--------+--------+--------+--------+--------+-----+--------+

Top non-repeatable levels by time:
   Orc:2: 2678 daAuts
    D:15: 2653 daAuts
  Lair:5: 2375 daAuts
    D:11: 2366 daAuts
  Lair:4: 2164 daAuts
Shoals:1: 1907 daAuts
    D:13: 1906 daAuts
    D:10: 1864 daAuts
  Lair:3: 1826 daAuts
     D:6: 1699 daAuts
    D:12: 1655 daAuts
    D:14: 1450 daAuts
     D:9: 1423 daAuts
   Orc:1: 1420 daAuts
  Lair:2: 1414 daAuts
